 Dungeon Crawl Stone Soup version 0.31-a0-986-g5e6e4ef867 (webtiles) character file.

Game seed: 14012083585443342869

65 dialectric the Shield-Bearer (level 3, -2/33 HPs)
             Began as a Minotaur Fighter on Nov 11, 2023.
             Succumbed to an orc's poison
             ... on level 3 of the Dungeon.
             The game lasted 00:01:08 (1590 turns).

dialectric the Shield-Bearer (Minotaur Fighter)     Turns: 1590, Time: 00:01:09

Health: -2/33      AC:  7    Str: 22    XL:     3   Next: 92%
Magic:  2/2        EV:  9    Int:  5    God:
Gold:   125        SH:  4    Dex:  9    Spells: 2/2 levels left

rFire   . . .        a - +0 flail
rCold   . . .        c - +0 buckler
rNeg    . . .        b - +0 scale mail
rPois   .            (helmet restricted)
rElec   .            (no cloak)
rCorr   .            (no gloves)
SInv    .            (no boots)
Will    .....        (no amulet) Stlth
                     (no ring)
HPRegen 0.25/turn    (no ring)
MPRegen 0.08/turn

%: no passive effects
@: lethally poisoned (-2 -> -15)
A: horns 2, retaliatory headbutt
a: no special abilities


You were on level 3 of the Dungeon.
You visited 1 branch of the dungeon, and saw 3 of its levels.

You collected 125 gold pieces.

Inventory:

Hand Weapons
 a - a +0 flail (weapon)
Armour
 b - a +0 scale mail (worn)
 c - a +0 buckler (worn)
Talismans
 f - a beast talisman
Wands
 p - a wand of digging (5)
Scrolls
 g - a scroll of teleportation {unknown}
 h - a scroll of amnesia {unknown}
 i - a scroll of brand weapon {unknown}
 j - a scroll of blinking {unknown}
 k - a scroll of fear {unknown}
 l - a scroll of enchant armour {unknown}
 m - a scroll of immolation {unknown}
 n - a scroll of vulnerability {unknown}
 o - a scroll of identify {unknown}
Potions
 d - a potion of might
 e - a potion of heal wounds


   Skills:
 + Level 4.1 Fighting
 + Level 3.2 Maces & Flails
 + Level 4.3 Armour
 + Level 0.2 Dodging
 + Level 4.4 Shields


You had 2 spell levels left.
You didn't know any spells.
Your spell library contained the following spells:

 Spells                   Type           Power      Damage    Failure   Level
 Inner Flame              Hex/Fire       0%         N/A       99%         3
 Flame Wave               Conj/Fire      0%         2d4       100%        4
 Sticky Flame             Conj/Fire      0%         2d3       100%        4
 Summon Forest            Summ/Tloc      0%         N/A       100%        5
 Summon Mana Viper        Hex/Summ       0%         N/A       100%        5
 Summon Cactus Giant      Summ           0%         N/A       100%        6


Dungeon Overview and Level Annotations

Branches:
Dungeon (2/15)

Altars:
Kikubaaqudgha
Okawaru
Uskayaw
Vehumet


Innate Abilities, Weirdness & Mutations

You have a pair of horns on your head.
You reflexively headbutt those who attack you in melee.


Message History

You are more poisoned.
You thump the orc!
You kill the orc!
You feel very sick.
You hear some strange, mumbled words.
You are confused.
The orc hits you with a +0 dagger of venom.
You are more poisoned.
Something hits you but does no damage. The orc hits you but does no damage.
The orc hits you with a +0 dagger of venom.
You are lethally poisoned!
You feel very sick. Something hits you but does no damage.
The orc hits you with a +0 dagger of venom.
You are more poisoned.
You closely miss the orc.
* * * LOW HITPOINT WARNING * * *
You feel extremely sick.
The orc hits you with a +0 dagger of venom.
* * * LOW HITPOINT WARNING * * *
You are more poisoned.
You hear some strange, mumbled words.
A magic dart appears from out of thin air!
The magic dart hits you.
* * * LOW HITPOINT WARNING * * *
It was a potion of heal wounds.
You feel much better.
You feel very sick. The orc hits you but does no damage.
You are lethally poisoned!
Unknown command.
You feel very sick.
You feel very sick.
* * * LOW HITPOINT WARNING * * *
You feel very sick.
You hear some strange, mumbled words.
A puff of flame appears from out of thin air!
The puff of flame hits you!
* * * LOW HITPOINT WARNING * * *
You feel less confused.
You die...

.# .#... #.# .... .##
.....####.# .... .8#
........).##..# .. .####
...........#...# ...
...(####...............##....
..#...##........o...#...+.._.
..#.............o{.##..#.....
..#......................._..
................@............
...##....................+._
†..##......#....>........#
...##......#.............#
.#....##...#.............#
.#....###<##.......#######
.#........................
.#......P.PP..PPPP.._..PPP
.+........................


You could see 2 orcs.

Vanquished Creatures
  2 adders
  2 dart slugs
  2 orcs (D:3)
  3 ball pythons
  8 endoplasms
  A giant cockroach (D:3)
  4 goblins
  A quokka (D:2)
  4 frilled lizards (D:1)
  6 kobolds
  6 rats
39 creatures vanquished.

Notes
Turn   | Place    | Note
-------+----------+-------------------------------------------
     0 | D:1      | dialectric the Minotaur Fighter began the quest for the
                  | Orb.
     0 | D:1      | Reached XP level 1. HP: 19/19 MP: 0/0
   174 | D:1      | Reached XP level 2. HP: 27/27 MP: 1/1
   680 | D:2      | Reached XP level 3. HP: 33/33 MP: 2/2
  1265 | D:2      | You fall into a shaft and drop 1 floor!
  1494 | D:3      | Found a hide-covered altar of Uskayaw.
  1505 | D:3      | Found an ancient bone altar of Kikubaaqudgha.
  1568 | D:3      | Found a radiant altar of Vehumet.
  1572 | D:3      | Found an iron altar of Okawaru.
  1589 | D:3      | HP: 1/33 [something/puff of flame (7)]
  1590 | D:3      | Succumbed to an orc's poison

Illustrated notes

Levels and vault maps discovered:
D:1:      reono_arrival_forest_river, layout_basic,
          chequers_serial_rivers_room_b
D:2:      layout_loops_corners
D:3:      layout_basic, mainiacjoe_overflow_boulevard,
          grunt_temple_overflow_open, serial_corexii_hall,
          chequers_hall_statues_wall_a, chequers_hall_statues_wall_a,
          chequers_hall_statues_wall_a, nicolae_figureground_sparkle

Skill      XL: |  1  2  3 |
---------------+----------+-----
Armour         | 4 |  4.3
Shields        | 4 |  4.4
Fighting       | 4 |  4.1
Maces & Flails | 3 |  3.2
Dodging        | |  0.2

Action                     || total
---------------------------++-------
  Melee: Flail             ||    88
         Headbutt          ||     8
    Use: Potion            ||     1
 Armour: Scale mail        ||    62
  Dodge: Dodged            ||    33
  Block: Buckler           ||    21

Table legend: (Time is in decaauts)
 A = Elapsed time spent in this place.
 B = Non-inter-level travel time spent in this place.
 C = Inter-level travel time spent in this place.
 D = Time resting spent in this place.
 E = Time spent auto-exploring this place.
 F = Levels seen in this place.
 G = Mean time per level.
                   A        B        C        D        E       F      G
               +--------+--------+--------+--------+--------+-----+--------+
         Total |   1628 |   1605 |     23 |      0 |   1347 |   3 |  542.7 |
       Dungeon |   1628 |   1605 |     23 |      0 |   1347 |   3 |  542.7 |
               +--------+--------+--------+--------+--------+-----+--------+

Top non-repeatable levels by time:
     D:2: 677 daAuts
     D:1: 618 daAuts
     D:3: 332 daAuts
